AoeStats
← Warcanoe

Arabia

504971763Analyzed
4v4 RM · 26d ago on Sep 7, 2026· 20m 54s· 8 players
Game mode
Random Map
Map size
Large (8 player)
Population
200
Speed
Normal
Resources
Standard
Victory
Conquest
Starting age
Dark Age
Ending age
Imperial Age
RankedLock teamsTeams togetherTeam positionsShared explorationLock speedFull tech treeHidden civsTurbo modeCheats
Victory
Defeat
🇹🇷 Ethiopians · Türkiye
1317
+14
🇻🇳 Magyars · Vietnam
1287
+16
🇨🇳 Franks · China
1270
+16
🇨🇳 Maya · China
1265
+16
🇷🇺 Spanish · Russia
1297
-16
🇩🇪 Franks · Germany
1287
-16
🇨🇭 Vietnamese · Switzerland
1278
-16
🇩🇪 Turks · Germany
1246
-14
Warcanoe
2:46 Loom
10:59 Feudal Age
12:49 Double-Bit Axe
JPP1998
7:54 Loom
10:57 Feudal Age
18:37 Castle Age
20:38 Double-Bit Axe
Godspeed
9:59 Feudal Age
8:15 Loom
15:12 Scale Barding Armor
17:33 Double-Bit Axe
21:02 Castle Age
19:30 Gold Mining
20:19 Forging
Ekx_21_Pro_Max
5:57 Loom
9:49 Feudal Age
10:07 Feudal Age
15:00 Castle Age
Ky
9:59 Feudal Age
9:12 Loom
16:21 Castle Age
15:38 Double-Bit Axe
15:35 Horse Collar
16:38 Bloodlines
19:40 Wheelbarrow
XHK
7:08 Loom
9:41 Feudal Age
10:24 Double-Bit Axe
14:07 Scale Barding Armor
15:07 Forging
18:08 Gold Mining
18:54 Wheelbarrow
21:31 Castle Age
hirax34
6:14 Loom
9:35 Feudal Age
10:10 Double-Bit Axe
12:20 Fletching
18:27 Padded Archer Armor
菜菜
0:27 Loom
0:28 Loom
0:37 Loom
9:27 Feudal Age
10:07 Double-Bit Axe
12:21 Fletching
16:20 Padded Archer Armor
16:30 Forging
22:19 Castle Age
20:21 Horse Collar
21:17 Forging
Connection lost

Rejoining the realm…

Still unreachable

The connection could not be restored.

Session expired

The server has moved on; the page needs a fresh start.